 Dungeon Crawl Stone Soup version 0.17-a0-1663-gb806841 (webtiles) character file.

1004 matakusis the Ducker (level 8, -12/58 HPs)
             Began as a Demonspawn Gladiator on Aug 16, 2015.
             Mangled by an orc warrior
             ... wielding a +0 battleaxe
              (20 damage)
             ... on level 5 of the Dungeon.
             The game lasted 00:16:26 (5356 turns).

matakusis the Ducker (Demonspawn Gladiator)         Turns: 5356, Time: 00:16:27

Health: -12/58     AC:  8    Str: 29    XL:     8   Next: 0%
Magic:  8/8        EV: 21    Int:  8    God:
Gold:   251        SH:  5    Dex: 22    Spells: 1 memorised, 4 levels left

rFire  . . .     SeeInvis .     i - +4 hand axe
rCold  + . .     Clarity  .     g - +3 leather armour "Zoebity" {rC- rN+ Str+7 Dex+3}
rNeg   + . .     SustAt   .     u - +0 buckler
rPois  .         Gourm    .     c - +0 helmet
rElec  .         Spirit   .     q - +0 cloak "Pazxajao" {rC+ Str+6 Int-3 Slay+2}
rCorr  .         Warding  .     (gloves unavailable)
rMut   .         Stasis   .     (no boots)
MR     .....                    (no amulet)
Stlth  +++.......               (no ring)
                                (no ring)

@: agile, not resistant to hostile enchantments, fairly stealthy
A: claws 3, cold resistance 1, powered by pain 2, MP-powered wands
a: no special abilities


You were on level 5 of the Dungeon.
You were not hungry.

You visited 1 branch of the dungeon, and saw 5 of its levels.

You collected 251 gold pieces.

Inventory:

Hand weapons
 i - a +4 hand axe (weapon)
Missiles
 d - 4 throwing nets (quivered)
Armour
 c - a +0 helmet (worn)
 g - the +3 leather armour "Zoebity" (worn) {rC- rN+ Str+7 Dex+3}
   (You found it on level 5 of the Dungeon)

   It affects your strength (+7).
   It affects your dexterity (+3).
   It makes you vulnerable to cold.
   It protects you from negative energy.
 q - the +0 cloak "Pazxajao" (worn) {rC+ Str+6 Int-3 Slay+2}
   (You found it on level 5 of the Dungeon)

   It affects your strength (+6).
   It affects your intelligence (-3).
   It affects your accuracy and damage with ranged weapons and melee attacks
   (+2).
   It protects you from cold.
 u - a +0 buckler (worn)
Magical devices
 f - a wand of slowing (21)
 v - a wand of random effects (32)
 C - a wand of teleportation (5)
Scrolls
 k - 4 scrolls of identify
 l - a scroll of enchant armour
 m - 2 scrolls of enchant weapon
 n - a scroll of remove curse
 o - a scroll of teleportation
 w - 2 scrolls of fog
Potions
 h - 2 potions of haste
 p - a potion of might
 t - a potion of curing
Books
 s - a book of Necromancy

   Spells                             Type                      Level
   a - Pain                           Necromancy                   1
   b - Animate Skeleton               Necromancy                   1
   c - Vampiric Draining              Necromancy                   3
   d - Regeneration                   Charms/Necromancy            3
   e - Animate Dead                   Necromancy                   4
   f - Control Undead                 Necromancy                   4
Comestibles
 a - 5 meat rations
 b - 7 chunks of flesh
 e - 3 bread rations
 r - 3 beef jerkies
 z - a slice of pizza


   Skills:
 + Level 3.5 Fighting
 + Level 5.0 Axes
 + Level 1.8 Throwing
 + Level 2.9 Armour
 + Level 5.4 Dodging
 + Level 1.4 Shields
 * Level 3.2 Necromancy


You had 4 spell levels left.
You knew the following spells:

 Your Spells              Type           Power        Failure   Level  Hunger
a - Regeneration          Chrm/Necr      #.........   91%         3    ####...


Dungeon Overview and Level Annotations

Branches:
Dungeon (5/15)
 Temple: D:4-7

Altars:
Ashenzari
Cheibriados
Okawaru
Ru
Xom

Shops:
D:4 =


Innate Abilities, Weirdness & Mutations

You have claws for hands.
You sometimes gain power by taking damage.
Your flesh is cold resistant.
You expend magic power (3 MP) to strengthen your wands.


Message History

You hit the orc.
You kill the orc!
The orc warrior barely misses you.
You slash the orc warrior!
The orc warrior is severely wounded.
You block the orc warrior's attack.
You hit the orc warrior.
The orc warrior is severely wounded.
You hit the orc warrior but do no damage.
The orc warrior is severely wounded.
The orc warrior hits you with a battleaxe!
* * * LOW HITPOINT WARNING * * *
You slash the orc warrior!
The orc warrior is almost dead.
The orc warrior hits you with a battleaxe!
* * * LOW HITPOINT WARNING * * *
Drink which item? (? for menu, Esc to quit)
You feel better.
The orc warrior hits you with a battleaxe!!
You die...

###### #........... .....#
#..........# .....#####
#..........#
.........##########..........#
.........'.......##..........#
#........#######.# #####.#######
#)#.#.#.#.#......# #............
.#.#.#.#.#.......####'###.....##.
#.#.#.#.#.#.....@)..)....#######.
.#.#.#.#.#.......o).)....# #.
..#.#.#.#.#.....#........#######.
...#.#.#.#+....)'........'.......
..#.#.#.#.#....)#........#######.
.#.#.#.#.#......#.......<# .....
#[#.#.#.#.#.....#........# #.....
.#.#.#.#.#......#).......# ######
#.#.#.#.#.#.....#........# #


You could see an orc warrior.

Vanquished Creatures
  Menkaure (D:5)
  An ogre (D:5)
  A sky beast (D:5)
  A phantom (D:4)
  A hound (D:3)
  6 orc wizards (D:5)
  A giant frog zombie (D:5)
  2 orc priests (D:5)
  Natasha (thrice) (D:3)
  3 worker ants (D:4)
  Robin (D:2)
  4 gnolls (D:4)
  5 adders
  An adder zombie (D:5)
  An adder skeleton (D:4)
  A worm (D:2)
  5 giant geckos
  20 orcs
  2 ball pythons (D:2)
  6 giant cockroaches
  12 goblins
  10 hobgoblins
  7 jackals
  6 bats
  2 giant newts
  3 kobolds
  A quokka (D:3)
  4 rats (D:2)
111 creatures vanquished.

Notes
Turn   | Place    | Note
--------------------------------------------------------------
     0 | D:1      | matakusis the Demonspawn Gladiator began the quest for the Orb.
     0 | D:1      | Reached XP level 1. HP: 16/16 MP: 1/1
   583 | D:2      | Gained mutation: You have sharp fingernails. [demonic ancestry]
   583 | D:2      | Reached XP level 2. HP: 20/22 MP: 2/2
   630 | D:2      | Reached skill level 3 in Axes
   788 | D:2      | Gained mutation: You sometimes gain a little power by taking damage. [demonic ancestry]
   788 | D:2      | Reached XP level 3. HP: 23/27 MP: 3/3
   941 | D:2      | Noticed Robin
   987 | D:2      | Killed Robin
   987 | D:2      | Reached skill level 1 in Armour
  1170 | D:2      | Gained mutation: You sometimes gain power by taking damage. [demonic ancestry]
  1170 | D:2      | Reached XP level 4. HP: 32/34 MP: 4/4
  2032 | D:3      | Found a shattered altar of Ashenzari.
  2303 | D:3      | Found a snail-covered altar of Cheibriados.
  2315 | D:3      | Noticed Natasha
  2320 | D:3      | Killed Natasha
  2320 | D:3      | Gained mutation: You have very sharp fingernails. [demonic ancestry]
  2320 | D:3      | Reached XP level 5. HP: 37/39 MP: 5/5
  2530 | D:3      | Noticed Natasha
  2534 | D:3      | Killed Natasha
  2855 | D:3      | Noticed Natasha
  2892 | D:3      | Killed Natasha
  2961 | D:3      | Learned a level 3 spell: Regeneration
  2989 | D:4      | Found Wuneh's Jewellery Emporium.
  3042 | D:4      | Reached skill level 4 in Axes
  3358 | D:4      | Reached skill level 1 in Necromancy
  3363 | D:4      | Gained mutation: You have claws for hands. [demonic ancestry]
  3363 | D:4      | Reached XP level 6. HP: 42/46 MP: 6/6
  3474 | D:4      | Noticed a phantom
  3506 | D:4      | Killed a phantom
  4053 | D:5      | Entered Level 5 of the Dungeon
  4057 | D:5      | Got a warped leather armour
  4068 | D:5      | Identified the +3 leather armour "Zoebity" {rC- rN+ Str+7 Dex+3} (You found it on level 5 of the Dungeon)
  4080 | D:5      | Found an iron altar of Okawaru.
  4090 | D:5      | Noticed Menkaure
  4101 | D:5      | Reached skill level 1 in Shields
  4182 | D:5      | Killed Menkaure
  4182 | D:5      | Reached XP level 7. HP: 28/52 MP: 7/7
  4390 | D:5      | Found a shimmering altar of Xom.
  4446 | D:5      | Found a sacrificial altar of Ru.
  4509 | D:5      | Reached skill level 5 in Dodging
  4618 | D:5      | Gained mutation: Your flesh is cold resistant. [mutagenic meat]
  4619 | D:5      | Gained mutation: You expend magic power (3 MP) to strengthen your wands. [mutagenic meat]
  5202 | D:5      | Got a warped cloak
  5213 | D:5      | Identified the +0 cloak "Pazxajao" {rC+ Str+6 Int-3 Slay+2} (You found it on level 5 of the Dungeon)
  5238 | D:5      | Reached skill level 5 in Axes
  5344 | D:5      | Reached XP level 8. HP: 23/58 MP: 8/8
  5355 | D:5      | HP: 1/58 [orc warrior/battleaxe (16)]
  5356 | D:5      | Mangled by an orc warrior

Vault maps used:
D:1:      matt_arrival_debris
D:2:      uniq_robin
D:3:      old_standard_altar, first_bread, ashenzari_altar_1, uniq_natasha
D:4:      serial_shops, nicolae_shop_trees
D:5:      grunt_temple_overflow_open, xom_redecorated, uniq_menkaure

Action                   |  1- 3 |  4- 6 |  7- 9 || total
-------------------------+-------+-------+-------++-------
Melee: Hand axe          |    80 |   194 |    86 ||   360
  Use: Scroll            |     1 |    15 |       ||    16
       Potion            |     3 |       |     2 ||     5
  Eat: Chunk             |       |    10 |     6 ||    16
